 Dungeon Crawl Stone Soup version 0.25.0-1-g7eea58d (webtiles) character file.

Game seed: 15952725598029125280

58 Ayyar the Covered (level 3, 0/33 HPs)
             Began as a Minotaur Fighter on June 27, 2020.
             Slain by an orc wizard
             ... wielding a +0 dagger
              (2 damage)
             ... on level 2 of the Dungeon.
             The game lasted 00:04:53 (1293 turns).

Ayyar the Covered (Minotaur Fighter)                Turns: 1293, Time: 00:04:54

Health: 0/33       AC:  7    Str: 19 (20) XL:     3   Next: 75%
Magic:  2/2        EV:  7    Int:  4 (5)  God:
Gold:   56         SH:  9    Dex:  9 (10) Spells: 2/2 levels left

rFire    . . .     SeeInvis .   a - +0 war axe
rCold    . . .     Gourm    .   c - +0 kite shield
rNeg     . . .     Faith    .   b - +0 scale mail
rPois    .         Spirit   .   (helmet restricted)
rElec    .         Reflect  .   (no cloak)
rCorr    .         Harm     .   (no gloves)
MR       .....                  (no boots)
Stlth    ..........             e - amulet of magic regeneration
HPRegen  0.11/turn              (no ring)
MPRegen  0.33/turn              (no ring)

@: no status effects
A: retaliatory headbutt, horns 2
a: no special abilities


You were on level 2 of the Dungeon.
You were not hungry.

You visited 1 branch of the dungeon, and saw 2 of its levels.

You collected 56 gold pieces.

Inventory:

Hand Weapons
 a - a +0 war axe (weapon)
Armour
 b - a +0 scale mail (worn)
 c - a +0 kite shield (worn)
Jewellery
 e - an amulet of magic regeneration (around neck)
Scrolls
 h - a scroll of remove curse {unknown}
 i - 2 scrolls of identify {unknown}
 j - a scroll of teleportation {unknown}
 l - a scroll of enchant weapon {unknown}
Potions
 d - a potion of might
 m - a potion of resistance {unknown}
Comestibles
 f - 3 rations
 g - 4 chunks of flesh


   Skills:
 + Level 4.1 Fighting
 + Level 3.2 Axes
 + Level 4.2 Armour
 + Level 0.6 Dodging
 + Level 4.1 Shields


You had 2 spell levels left.
You didn't know any spells.
Your spell library was empty.

Dungeon Overview and Level Annotations

Branches:
Dungeon (2/15)

Altars:


Innate Abilities, Weirdness & Mutations

You reflexively headbutt those who attack you in melee.
You have a pair of horns on your head.


Message History

The orc wizard barely misses you.
The orc wizard hits you but does no damage.
It was a potion of degeneration.
There was something very wrong with that liquid.
You feel weakened.
You feel dopey.
You feel clumsy.
The orc wizard hits you with a +0 dagger.
* * * LOW HITPOINT WARNING * * *
You are too injured to fight recklessly!
You miss the orc wizard.
The orc wizard is heavily wounded.
The orc wizard hits you but does no damage.
The quokka bites you.
* * * LOW HITPOINT WARNING * * *
The orc wizard casts a spell at you. You resist with significant effort.
You feel less confused. The quokka closely misses you. You furiously retaliate!
You headbutt the quokka.
The orc wizard hits you with a +0 dagger.
You die...

##'## ##...## ##..)..##
### ##.......## ##.## #
.####.........####...##
.
...............'.......#
#
...............####>..##
.####.#...ro..## ##.##
#.##...@.## ### #.
##)))## #. ##'## #.# #.#
#.# ... (.. ...


You could see an orc wizard and a quokka.

Vanquished Creatures
  An adder (D:2)
  3 orcs (D:2)
  A ball python (D:1)
  A giant cockroach (D:2)
  3 goblins
  7 hobgoblins
  4 jackals (D:2)
  A quokka (D:2)
  7 bats
  3 frilled lizards (D:1)
  6 kobolds (D:1)
  5 rats
42 creatures vanquished.

Notes
Turn   | Place    | Note
-------+----------+-------------------------------------------
     0 | D:1      | Ayyar the Minotaur Fighter began the quest for the Orb.
     0 | D:1      | Reached XP level 1. HP: 19/19 MP: 0/0
   111 | D:1      | Reached XP level 2. HP: 22/27 MP: 1/1
   580 | D:2      | Reached XP level 3. HP: 26/33 MP: 2/2
  1291 | D:2      | HP: 1/33 [quokka (3)]
  1293 | D:2      | Slain by an orc wizard

Illustrated notes

Levels and vault maps discovered:
D:1:      dpeg_arrival_lava_temple_mockup, layout_rooms, minmay_hexomino_p4
D:2:      layout_loops_corners, first_ration

Skill      XL: |  1  2  3 |
---------------+----------+-----
Armour         | 4 |  4.2
Fighting       | 4 |  4.1
Shields        | 4 |  4.1
Axes           | 3 |  3.2
Dodging        | |  0.6

Action                   || total
-------------------------++-------
Melee: War axe           ||    98
       Headbutt          ||     8
  Use: Potion            ||     2
  Eat: Chunk             ||     1
Armor: Scale mail        ||    73
Dodge: Dodged            ||    54
Block: Kite shield       ||    54
